 Dungeon Sprint DCSS version 0.30.0-29-ga12c61a403 (webtiles) character file.

Game seed: 11535369155845668353

9667 Groucho the Minotaur Aeon (level 11, -3/102 HPs)
             Began as a Minotaur Warper on June 4, 2023.
             Was the Champion of Cheibriados.
             Killed from afar by an ice dragon (31 damage)
             ... with a blast of cold
             ... in the Dungeon (Sprint VII: "The Pits").
             The game lasted 00:08:19 (4999 turns).

Groucho the Minotaur Aeon (Minotaur Warper)         Turns: 4999, Time: 00:08:20

Health: -3/102     AC: 18    Str: 32    XL:     11   Next: 26%
Magic:  15/23      EV: 23    Int: 29    God:    Cheibriados [******]
Gold:   0          SH:  0    Dex: 24    Spells: 17/28 levels left

rFire   . . .        s - +2 war axe (heavy)
rCold   . . .        (no shield)
rNeg    . . .        a - +5 ring mail
rPois   .            (helmet restricted)
rElec   .            n - +0 cloak
rCorr   .            b - +0 pair of gloves
SInv    .            (no boots)
Will    .....        (no amulet)
Stlth   +            p - +3 ring of protection
HPRegen 0.37/turn    q - +3 ring of evasion
MPRegen 0.18/turn

%: no teleportation
@: spiked, very slow
A: horns 2, retaliatory headbutt
a: Renounce Religion, Bend Time, Temporal Distortion, Slouch, Step From Time


You were in the Dungeon.
You worshipped Cheibriados.
Cheibriados was exalted by your worship.
You visited 1 branch

Inventory:

Hand Weapons
 o - a +3 flail of protection
 s - a +2 heavy war axe (weapon)
Missiles
 d - 8 boomerangs of dispersal
 j - 2 boomerangs
Armour
 a - a +5 ring mail (worn)
 b - a +0 pair of gloves (worn)
 n - a +0 cloak (worn)
Jewellery
 p - a +3 ring of protection (left hand)
 q - a +3 ring of evasion (right hand)
Scrolls
 c - 2 scrolls of blinking
 l - 5 scrolls of amnesia
 m - a scroll of summoning
Potions
 e - 6 potions of curing
 g - 2 potions of haste
 h - 3 potions of magic
 i - 3 potions of berserk rage
 k - 2 potions of invisibility
 r - 3 potions of resistance


   Skills:
 + Level 11.1 Fighting
 + Level 11.1 Axes
 - Level 1.0 Throwing
 + Level 10.9 Armour
 + Level 10.2 Dodging
 * Level 9.2 Spellcasting
 * Level 10.2 Translocations
 * Level 12.6 Invocations


You had 17 spell levels left.
You knew the following spells:

 Your Spells              Type           Power      Damage    Failure   Level
a - Blink                 Tloc           100%       N/A       1%          2
b - Lesser Beckoning      Tloc           100%       N/A       1%          2
c - Teleport Other        Tloc           64%        N/A       1%          3
d - Manifold Assault      Tloc           64%        N/A       1%          4

Your spell library contained the following spells:

 Spells                   Type           Power      Damage    Failure   Level
 Vhi's Electric Charge    Tloc/Air       86%        N/A       1%          3


Dungeon Overview and Level Annotations

Branches:
Dungeon (1/1)

Altars:
Ashenzari
Cheibriados
Dithmenos
Elyvilon
Fedhas
Gozag
Hepliaklqana
Kikubaaqudgha
Makhleb
Nemelex Xobeh
Okawaru
Qazlal
Ru
Sif Muna
Trog
Uskayaw
Vehumet
Wu Jian
Xom
Yredelemnul
Zin
The Shining One
Jiyva
Lugonu


Innate Abilities, Weirdness & Mutations

You have a pair of horns on your head.
You reflexively headbutt those who attack you in melee.


Message History

You headbutt the hornet! The ice devil closely misses you.
Casting: Manifold Assault (mildly dangerous; 1% risk of failure)
Confirm with . or Enter, or press ? or * to list all spells.
You blink.
Unknown command.
Unknown command.
The barbs in your skin will harm you if you move.
Continue? [Y]es or [N]o only, please.
The barbs in your skin will harm you if you move.
Continue?
Okay, then.
Unknown command.
Activating: Slouch (1% risk of failure)
Press: ? - help, Dir - look around, f - activate You can feel time thicken for a moment.
You kill the orc!
Cheibriados thoroughly appreciates the change of pace.
Cheibriados appreciates the change of pace.
Reactivating autopickup.
You feel a bit more experienced.
You kill the hornet!
Cheibriados thoroughly appreciates the change of pace.
You carefully extract the barbed spikes from your body.
The red devil hits you from afar with a +3 trident of venom!
* * * LOW HITPOINT WARNING * * *
Barbed spikes become lodged in your body.
You are poisoned.
Unknown command.
Unknown command.
You feel better. The ice dragon breathes frost at you.
The blast of cold hits you!!
* * * LOW HITPOINT WARNING * * *
The orc sorcerer hits you but does no damage.
The red devil closely misses you.
Unknown command.
Unknown command.
You feel much better. The ice dragon breathes frost at you.
The blast of cold hits you!!
You die...

### ##### ...##...###
..##......## ####+#
..#).).....## ####.....#
.)))........###.........
..###..)....##..@.......
....###......#..oo......
......##.....#.43.......
.####..##...†#†.........
##..##..'....D#'........
+....†..#....).##'.....#
##..##..#........######+
.####...##...#####
.........##.##


You could see an ice dragon (catching breath), a soul eater (summoned), an orc
sorcerer, a red devil (summoned) and an orc warrior.

Vanquished Creatures
  A black draconian (D)
  A merfolk javelineer (D)
  2 boulder beetles (D)
  2 death yaks (D)
  A shadow wraith (D)
  An orc knight (D)
  A black mamba (D)
  An efreet (D)
  An unseen horror (D)
  4 merfolk (D)
  A tyrant leech (D)
  A hornet (D)
  5 blink frogs (D)
  2 jumping spiders (D)
  A wraith (D)
  2 shadows (D)
  A warg (D)
  A floating eye (D)
  A water moccasin (D)
  4 orc warriors (D)
  A black bear (D)
  A centaur (D)
  A phantom (D)
  Blork the orc (D)
  A bullfrog (D)
  A scorpion (D)
  4 killer bees (D)
  A hound (D)
  An orc priest (D)
  An iron imp (D)
  3 adders (D)
  3 river rats (D)
  2 ufetubi (D)
  A worm (D)
  4 orcs (D)
  A giant cockroach (D)
  3 hobgoblins (D)
  3 jackals (D)
  A kobold (D)
  A quokka (D)
  2 ball python skeletons (D)
  A ball python zombie (D)
  A frilled lizard (D)
  A rat (D)
74 creatures vanquished.

Notes
Turn   | Place    | Note
-------+----------+-------------------------------------------
     0 | D        | Groucho the Minotaur Warper began the quest for the Orb.
     0 | D        | Reached XP level 1. HP: 18/18 MP: 1/1
   277 | D        | Found a bloodstained altar of Trog.
   277 | D        | Found a shimmering blue altar of Sif Muna.
   277 | D        | Found a viscous altar of Jiyva.
   277 | D        | Found a hazy altar of Hepliaklqana.
   277 | D        | Found an opulent altar of Gozag.
   278 | D        | Found a glowing golden altar of the Shining One.
   278 | D        | Found a glowing silver altar of Zin.
   278 | D        | Found a basalt altar of Yredelemnul.
   278 | D        | Found a shimmering altar of Xom.
   278 | D        | Found an ornate altar of the Wu Jian Council.
   278 | D        | Found a sacrificial altar of Ru.
   278 | D        | Found a stormy altar of Qazlal.
   278 | D        | Found an iron altar of Okawaru.
   278 | D        | Found a sparkling altar of Nemelex Xobeh.
   278 | D        | Found a burning altar of Makhleb.
   278 | D        | Found a blossoming altar of Fedhas.
   278 | D        | Found a white marble altar of Elyvilon.
   278 | D        | Found a shadowy altar of Dithmenos.
   278 | D        | Found a snail-covered altar of Cheibriados.
   280 | D        | Found a radiant altar of Vehumet.
   280 | D        | Found a corrupted altar of Lugonu.
   281 | D        | Found a hide-covered altar of Uskayaw.
   281 | D        | Found an ancient bone altar of Kikubaaqudgha.
   281 | D        | Found a broken altar of Ashenzari.
   293 | D        | Became a worshipper of Cheibriados the Contemplative
   312 | D        | Reached skill level 1 in Invocations
   312 | D        | Reached XP level 2. HP: 25/25 MP: 3/3
   317 | D        | Noticed a scorpion
   328 | D        | Killed a scorpion
   328 | D        | Reached * piety under Cheibriados
   329 | D        | Reached skill level 2 in Invocations
   329 | D        | Reached XP level 3. HP: 18/33 MP: 3/5
   580 | D        | Reached skill level 3 in Invocations
   580 | D        | Reached XP level 4. HP: 40/40 MP: 5/7
   805 | D        | Reached ** piety under Cheibriados
  1038 | D        | Learned a level 2 spell: Blink
  1041 | D        | Learned a level 2 spell: Lesser Beckoning
  1045 | D        | Learned a level 3 spell: Teleport Other
  1046 | D        | Noticed a water moccasin
  1046 | D        | Noticed a floating eye
  1052 | D        | Killed a water moccasin
  1052 | D        | Reached *** piety under Cheibriados
  1053 | D        | Reached skill level 4 in Invocations
  1053 | D        | Reached XP level 5. HP: 19/47 MP: 7/9
  1053 | D        | Killed a floating eye
  1054 | D        | Reached skill level 5 in Fighting
  1054 | D        | Reached skill level 5 in Axes
  1054 | D        | Reached skill level 5 in Invocations
  1054 | D        | Reached XP level 6. HP: 21/56 MP: 7/11
  1602 | D        | Reached **** piety under Cheibriados
  1603 | D        | Reached skill level 5 in Dodging
  1614 | D        | Reached skill level 5 in Armour
  1614 | D        | Reached skill level 5 in Translocations
  1614 | D        | Reached skill level 6 in Invocations
  1944 | D        | Noticed Blork the orc
  1954 | D        | Killed Blork the orc
  1954 | D        | Reached ***** piety under Cheibriados
  2208 | D        | Reached skill level 5 in Spellcasting
  2208 | D        | Reached XP level 7. HP: 61/64 MP: 13/13
  2222 | D        | Reached skill level 7 in Invocations
  2223 | D        | Reached ****** piety under Cheibriados
  2483 | D        | Noticed a jumping spider
  2485 | D        | Killed a jumping spider
  2635 | D        | Noticed a jumping spider
  2641 | D        | Killed a jumping spider
  2642 | D        | Reached XP level 8. HP: 12/73 MP: 9/15
  2644 | D        | Killed a shadow wraith
  2645 | D        | Reached skill level 8 in Invocations
  2912 | D        | Noticed a merfolk
  2913 | D        | Noticed a merfolk
  2913 | D        | Noticed a merfolk
  2915 | D        | Noticed a merfolk javelineer
  2916 | D        | Killed a merfolk
  2917 | D        | Reached skill level 9 in Invocations
  2920 | D        | Killed a merfolk javelineer
  2920 | D        | Noticed an efreet
  2921 | D        | Reached XP level 9. HP: 45/82 MP: 2/18
  2926 | D        | Killed a merfolk
  2926 | D        | Killed a merfolk
  2927 | D        | Reached skill level 10 in Invocations
  2930 | D        | Killed an efreet
  3344 | D        | Learned a level 4 spell: Manifold Assault
  3358 | D        | Noticed a boulder beetle
  3371 | D        | Reached XP level 10. HP: 42/91 MP: 18/20
  3375 | D        | Killed a boulder beetle
  3376 | D        | Reached skill level 11 in Invocations
  4158 | D        | Noticed a death yak
  4162 | D        | Killed a death yak
  4163 | D        | Reached skill level 10 in Fighting
  4163 | D        | Reached skill level 10 in Axes
  4200 | D        | Noticed an orc knight
  4209 | D        | Killed an orc knight
  4210 | D        | Reached skill level 10 in Armour
  4619 | D        | Noticed a black draconian
  4620 | D        | Noticed a death yak
  4625 | D        | Killed a death yak
  4626 | D        | Killed a black draconian
  4627 | D        | Reached skill level 12 in Invocations
  4627 | D        | Reached XP level 11. HP: 96/101 MP: 10/22
  4971 | D        | Noticed a boulder beetle
  4977 | D        | Noticed an ice dragon
  4980 | D        | Reached skill level 10 in Dodging
  4980 | D        | Noticed an orc sorcerer
  4985 | D        | Reached skill level 10 in Translocations
  4988 | D        | Killed a boulder beetle
  4995 | D        | Noticed a soul eater
  4998 | D        | HP: 1/102 [ice dragon/blast of cold (34)]
  4999 | D        | Killed from afar by an ice dragon

Illustrated notes

Levels and vault maps discovered:
D:        pitsprint [storerooms_1, entrance_room_1, metal_vault_7, armoury_2,
          mini_pit_1, grid_room_1, main_hall_1, silver_pit, the_coven_1,
          the_vestibule_1, steel_vault_3, golden_pit, hallway_of_sentries,
          crystal_vault_5, iron_vault_2, final_vault]

Skill      XL: |  1  2  3  4  5  6  7  8  9 10 11 |
---------------+----------------------------------+-----
Axes           | 3 4 5 6 7 8 9 10 11 | 11.1
Armour         | 2 3 4 5 6 8 9 10 | 10.9
Invocations    | 1 2 3 4 5 6 7 9 10 12 | 12.6
Fighting       | 3 4 5 6 7 8 9 10 11 | 11.1
Dodging        | 3 4 5 6 7 8 9 10 | 10.2
Spellcasting   | 2 3 4 5 7 8 9 |  9.2
Translocations | 3 4 5 6 7 8 9 10 | 10.2
Throwing       | |  1.0

Action                     |  1- 3 |  4- 6 |  7- 9 | 10-12 || total
---------------------------+-------+-------+-------+-------++-------
  Melee: Hand axe          |    19 |    44 |    12 |       ||    75
         Headbutt          |     1 |     9 |     5 |    10 ||    25
         Punch             |       |     1 |       |     1 ||     2
         War axe           |       |       |    18 |    77 ||    95
   Cast: Blink             |       |       |     1 |     1 ||     2
         Manifold Assault  |       |       |       |    15 ||    15
 Invoke: Slouch            |       |       |     8 |     1 ||     9
    Use: Potion            |     1 |     1 |     8 |     5 ||    15
 Armour: Leather armour    |     2 |     2 |       |       ||     4
         Chain mail        |       |    32 |     2 |       ||    34
         Ring mail         |       |       |    15 |    24 ||    39
  Dodge: Dodged            |    20 |    28 |    53 |   126 ||   227
